 Dungeon Crawl Stone Soup version 0.29.1-14-g9c671dbff4 (webtiles) character file.

Game seed: 15410482970178296410

777 tizbic2 the Gusty (level 7, -5/65 HPs)
             Began as an Ogre Air Elementalist on Feb 16, 2023.
             Slain by an ogre
             ... wielding a +0 giant club
              (23 damage)
             ... on level 5 of the Dungeon.
             The game lasted 00:22:42 (5072 turns).

tizbic2 the Gusty (Ogre Air Elementalist)           Turns: 5072, Time: 00:22:43

Health: -5/65      AC:  4    Str: 15    XL:     7   Next: 84%
Magic:  1/15       EV: 10    Int: 18    God:
Gold:   241        SH:  0    Dex: 12    Spells: 9/16 levels left

rFire   . . .      SeeInvis +   v - +1 spear of the Lusting Gods {drain, Str+2 Dex+3}
rCold   . . .      Faith    .   (no shield)
rNeg    . . .      Spirit   .   o - +1 robe
rPois   +          Reflect  .   (helmet restricted)
rElec   .          Harm     .   (no cloak)
rCorr   .          Rampage  .   (gloves unavailable)
Will    .....                   (boots unavailable)
Stlth   ++........              (no amulet)
HPRegen 0.20/turn               c - ring of poison resistance
MPRegen 0.14/turn               u - ring of see invisible

@: brilliant, marked
A: large, unfitting armour, tough skin 1
a: no special abilities


You were on level 5 of the Dungeon.
You visited 1 branch of the dungeon, and saw 5 of its levels.

You collected 241 gold pieces.

Inventory:

Hand Weapons
 d - a +0 hand axe
 n - a +2 dagger of freezing
 s - a +3 short sword
 v - the +1 spear of the Lusting Gods (weapon) {drain, Str+2 Dex+3}
   (You found it on level 5 of the Dungeon)

   A truly terrible weapon, it drains the life of any living foe it strikes.
   Str:       It affects your strength (+2).
   Dex:       It affects your dexterity (+3).
Missiles
 h - 10 atropa-tipped darts
 t - 9 poisoned darts
Armour
 o - a +1 robe (worn)
Magical Staves
 a - a staff of death
Jewellery
 c - a ring of poison resistance (left hand)
 r - an amulet of faith
 u - a ring of see invisible (right hand)
Wands
 f - a wand of quicksilver (1)
Scrolls
 g - a scroll of butterflies {unknown}
 i - a scroll of fear
 j - a scroll of magic mapping
 k - a scroll of blinking {unknown}
 m - 2 scrolls of teleportation
 w - a scroll of brand weapon {unknown}
Potions
 b - a potion of magic
 e - 3 potions of mutation
 p - 4 potions of curing
 q - a potion of brilliance


   Skills:
 + Level 2.3 Fighting
 - Level 1.7 Dodging
 - Level 1.4 Stealth
 * Level 5.4 Spellcasting
 + Level 3.5 Conjurations
 * Level 5.8 Air Magic


You had 9 spell levels left.
You knew the following spells:

 Your Spells              Type           Power      Damage    Failure   Level
a - Shock                 Conj/Air       100%       1d9       1%          1
b - Static Discharge      Conj/Air       32%        3-7/arc   2%          2
c - Airstrike             Air            19%        2d(3-19)  12%         4

Your spell library contained the following spells:

 Spells                   Type           Power      Damage    Failure   Level
 Swiftness                Air            38%        N/A       3%          3


Dungeon Overview and Level Annotations

Branches:
Dungeon (5/15)
 Temple: D:4-7

Altars:
Dithmenos
Gozag
Okawaru
Ru
Uskayaw
Wu Jian
Yredelemnul
Zin


Innate Abilities, Weirdness & Mutations

You are too large for most types of armour.
You have tough skin. (AC +1)


Message History

The ogre is struck by an arc of lightning.
The ogre is lightly wounded.
The lightning grounds out.
The ogre attacks as you move away!
The ogre hits you with a +0 giant club!!
Ouch! That really hurt!
* * * LOW HITPOINT WARNING * * *
You feel much better.
The ogre hits you with a +0 giant club!!
* * * LOW HITPOINT WARNING * * *
Casting: Static Discharge (safe; 2% risk of failure)
Confirm with . or Enter, or press ? or * to list all spells.
The ogre is struck by an arc of lightning.
The ogre is moderately wounded.
You are struck by an arc of lightning.
* * * LOW HITPOINT WARNING * * *
The lightning grounds out.
You feel much better.
An adder comes into view.
The ogre hits you with a +0 giant club!!
* * * LOW HITPOINT WARNING * * *
You feel much better. The ogre misses you.
You feel clever all of a sudden.
An adder comes into view.
Casting: Static Discharge (safe; 2% risk of failure)
Confirm with . or Enter, or press ? or * to list all spells.
Aiming: Shock (safe; 1% risk of failure)
Press: ? - help, Shift-Dir - straight line You feel a surge of power!
That beam is likely to hit you.
Continue anyway?
The zap misses the ogre.
The zap hits the ogre!
The ogre is severely wounded.
The zap hits you.
The ogre hits you with a +0 giant club!!
* * * LOW HITPOINT WARNING * * *
Unknown command.
You hit the ogre but do no damage.
The ogre is severely wounded.
The ogre hits you with a +0 giant club!!
You die...

### ###
#####.##########.#
#................#
#O###.##########.#
#@# #.# #.. #S#
#.# #.# #.# #.#
#.. #.# #.#
######.P .S. ...
......... #.# #.#
#####.#.P #.# #.#
#.#.P ... ...
#...P #.# # ###)P


You could see an ogre and 2 adders.

Vanquished Creatures
  Pargi (D:3)
  3 scorpions
  A jelly (D:5)
  3 hounds
  4 iguanas
  Natasha (thrice) (D:2)
  7 adders
  6 gnolls
  A worm (D:2)
  A dart slug (D:1)
  12 endoplasms
  7 giant cockroaches
  6 goblins
  13 hobgoblins
  9 jackals
  11 ball pythons
  7 bats
  7 frilled lizards
  8 kobolds
  3 rats (D:1)
113 creatures vanquished.

Vanquished Creatures (others)
  3 fungi (D:5)
3 creatures vanquished.

Grand Total: 116 creatures vanquished

Notes
Turn   | Place    | Note
-------+----------+-------------------------------------------
     0 | D:1      | tizbic2 the Ogre Air Elementalist began the quest for the
                  | Orb.
     0 | D:1      | Reached XP level 1. HP: 16/16 MP: 3/3
    76 | D:1      | Reached skill level 1 in Conjurations
   417 | D:1      | Found a faded altar of an unknown god.
   433 | D:1      | Reached XP level 2. HP: 24/24 MP: 2/5
   835 | D:1      | Reached XP level 3. HP: 24/31 MP: 4/7
  1351 | D:2      | Noticed Natasha
  1360 | D:2      | Killed Natasha
  1361 | D:2      | Reached XP level 4. HP: 23/39 MP: 2/8
  1361 | D:2      | Noticed Natasha
  1385 | D:2      | Killed Natasha
  2469 | D:2      | Noticed Natasha
  2481 | D:2      | Killed Natasha
  2482 | D:2      | Reached XP level 5. HP: 28/45 MP: 6/10
  3011 | D:2      | Learned a level 2 spell: Static Discharge
  3150 | D:3      | Noticed Pargi
  3167 | D:3      | Killed Pargi
  3168 | D:3      | Reached XP level 6. HP: 48/53 MP: 2/11
  3345 | D:3      | Found a glowing silver altar of Zin.
  3549 | D:3      | Found an ornate altar of the Wu Jian Council.
  3549 | D:3      | Found a sacrificial altar of Ru.
  3555 | D:3      | Found a basalt altar of Yredelemnul.
  3557 | D:3      | Found a faded altar of an unknown god.
  3559 | D:3      | Found a hide-covered altar of Uskayaw.
  3707 | D:3      | Learned a level 4 spell: Airstrike
  3894 | D:4      | Found a shadowy altar of Dithmenos.
  3986 | D:4      | Found an iron altar of Okawaru.
  3998 | D:4      | Reached skill level 5 in Air Magic
  4399 | D:4      | Reached XP level 7. HP: 34/61 MP: 8/13
  4400 | D:4      | Reached skill level 1 in Fighting
  4720 | D:5      | Entered Level 5 of the Dungeon
  4743 | D:5      | Reached skill level 5 in Spellcasting
  5007 | D:5      | Found an opulent altar of Gozag.
  5014 | D:5      | Identified the +1 spear of the Lusting Gods {drain, Str+2
                  | Dex+3}
  5072 | D:5      | Slain by an ogre

Illustrated notes

Levels and vault maps discovered:
D:1:      zaba_arrival_water, layout_rooms, basic_ecumenical_altar,
          hangedman_decor_clover_reticule, dk_noncrumbling_2, minivault_24,
          hangedman_glass_teeth, feat_on_display
D:2:      layout_basic, chequers_serial_rivers_room_a, uniq_natasha
D:3:      layout_loops_ring, mainiacjoe_overflow_24_doors,
          chequers_temple_overflow_minitemple, uniq_pargi
D:4:      layout_rooms, okawaru_altar_gauntlet_db, grunt_dithmenos_smoke,
          minmay_joined_circles
D:5:      layout_basic, mainiacjoe_overflow_cross_hatched,
          minmay_temple_entry_grid

Skill      XL: |  1  2  3  4  5  6  7 |
---------------+----------------------+-----
Conjurations   | 1 2 3 |  3.5
Air Magic      | 3 4 5 |  5.8
Spellcasting   | 3 4 5 |  5.4
Fighting       | 2 |  2.3
Dodging        | |  1.7
Stealth        | |  1.4

Action                   |  1- 3 |  4- 6 |  7- 9 || total
-------------------------+-------+-------+-------++-------
Melee: Dagger            |    64 |    57 |     6 ||   127
       Hand axe          |    14 |       |       ||    14
       Spear             |    10 |    27 |     8 ||    45
       Punch             |       |       |     2 ||     2
Throw: Dart              |       |     2 |       ||     2
 Cast: Shock             |    34 |    60 |    14 ||   108
       Static Discharge  |       |    21 |    13 ||    34
  Use: Scroll            |     2 |     4 |     4 ||    10
       Potion            |       |     2 |     4 ||     6
 Stab: Sleeping          |       |     3 |       ||     3
Armor: Robe              |    49 |    31 |     1 ||    81
Dodge: Dodged            |    74 |    64 |    10 ||   148
